 Dungeon Crawl Stone Soup version 0.31-a0-1009-g454b1f1e0a (webtiles) character file.

Game seed: 14465789712657247329

49 Queen the Stinger (level 3, -1/28 HPs)
             Began as a Naga Venom Mage on Nov 15, 2023.
             Slain by a goblin
             ... wielding a +0 dagger
             ... led by Robin
              (2 damage)
             ... on level 2 of the Dungeon.
             The game lasted 00:07:23 (1714 turns).

Queen the Stinger (Naga Venom Mage)                 Turns: 1714, Time: 00:07:23

Health: -1/28      AC:  2    Str: 10    XL:     3   Next: 75%
Magic:  6/6        EV: 10    Int: 17    God:
Gold:   83         SH:  0    Dex: 11    Spells: 0/6 levels left

rFire   . . .        e - +0 short sword
rCold   . . .        (no shield)
rNeg    . . .        a - +0 robe
rPois   +            (no helmet)
rElec   .            (no cloak)
rCorr   .            (no gloves)
SInv    +            (no barding)
Will    .....        (no amulet)
Stlth   ++           (no ring)
HPRegen 0.24/turn    (no ring)
MPRegen 0.10/turn

%: no passive effects
@: brilliant, attractive, very slow
A: AC +1, large, see invisible, deformed body, poison resistance, slowness 2,
spit poison 1, naga tail 1
a: Spit Poison


You were on level 2 of the Dungeon.
You visited 1 branch of the dungeon, and saw 2 of its levels.

You collected 83 gold pieces.

Inventory:

Hand Weapons
 e - a +0 short sword (weapon)
Missiles
 c - 2 curare-tipped darts
Armour
 a - a +0 robe (worn)
Scrolls
 d - 2 scrolls of identify {unknown}
 f - a scroll of butterflies {unknown}
 i - 2 scrolls of revelation {unknown}


   Skills:
 - Level 2.0 Dodging
 + Level 4.2 Stealth
 + Level 2.1 Spellcasting
 - Level 1.0 Transmutations
 + Level 0.5 Air Magic
 + Level 4.8 Poison Magic


You couldn't memorise any spells.
You knew the following spells:

 Your Spells              Type           Power      Damage    Failure   Level
a - Sting                 Tmut/Pois      68%        1d6       6%          1
b - Poisonous Vapours     Pois/Air       32%        N/A       10%         2
c - Mephitic Cloud        Conj/Pois/Air  11%        N/A       26%         3

Your spell library contained the following spells:

 Spells                   Type           Power      Damage    Failure   Level
 Olgreb's Toxic Radiance  Pois           27%        N/A       26%         4


Dungeon Overview and Level Annotations

Branches:
Dungeon (2/15)

Altars:

Annotations:
D:2 1 exclusion, Robin


Innate Abilities, Weirdness & Mutations

Your serpentine skin is tough. (AC +1)
You have supernaturally acute eyesight. (SInv)
Armour fits poorly on your strangely shaped body.
Your system is resistant to poisons. (rPois)
You cover ground very slowly.
You can spit poison.
You have a snake-like lower body.


Message History

Press: ? - help, Shift-Dir - straight line, f - quokka, p - goblin
Aim: a quokka (60% to hit)
The sting hits the goblin.
The goblin looks even sicker.
You kill the goblin!
Casting: Sting (safe; 6% risk of failure)
Confirm with . or Enter, or press ? or * to list all spells.
You don't have enough magic to cast this spell.
You barely miss the quokka.
You have got your breath back.
The quokka bites you.
Something bites the bush but does no damage.
The quokka bites you but does no damage.
You hit the quokka but do no damage.
The goblin no longer looks unusually strong.
The quokka closely misses you.
Casting: Sting (safe; 6% risk of failure)
Confirm with . or Enter, or press ? or * to list all spells.
You don't have enough magic to cast this spell.
Okay, then.
Magic courses through your body.
Something bites the bush but does no damage.
Robin points. "Kill!"
Robin throws the goblin at you!
* * * LOW HITPOINT WARNING * * *
The goblin hits you with a +0 dagger.
* * * LOW HITPOINT WARNING * * *
The quokka bites you.
* * * LOW HITPOINT WARNING * * *
Something bites the bush but does no damage.
It was a potion of attraction.
You feel attractive to monsters. The goblin barely misses you.
Robin says, "Bow before me, strongest of all the hobgoblins!"
The quokka barely misses you.
It was a potion of brilliance.
You feel clever all of a sudden. The quokka bites you.
* * * LOW HITPOINT WARNING * * *
The goblin hits you with a +0 dagger.
You die...

#.# #.# #. #.. #. #.# #.
#.# #.#########.#
#.#.........########.#
######.#.#######.g....))..#
....)..#.# #@#######......
.........# ##r# b...#
########.# #.g# g... #.#
#).)# ... #.# #P..). ##
#.## .....P..P
########.##P♣♣.♣♣♣♣♣Pg.
.........# .PP.♣♣ ♣P♣♣.
########.# #.P♣.♣♣♣P♣.g.


You could see Robin, a quokka and a goblin.

Vanquished Creatures
  An adder (D:2)
  A dart slug (D:1)
  2 endoplasms (D:1)
  A giant cockroach (D:2)
  6 hobgoblins
  4 quokkas (D:1)
  2 ball pythons
  3 bats
  A frilled lizard (D:1)
  6 goblins (D:2)
  7 kobolds
34 creatures vanquished.

Notes
Turn   | Place    | Note
-------+----------+-------------------------------------------
     0 | D:1      | Queen the Naga Venom Mage began the quest for the Orb.
     0 | D:1      | Reached XP level 1. HP: 15/15 MP: 3/3
   206 | D:1      | Reached XP level 2. HP: 19/22 MP: 1/5
   355 | D:1      | Found a faded altar of an unknown god.
   900 | D:1      | Reached XP level 3. HP: 28/28 MP: 4/6
   919 | D:1      | Learned a level 2 spell: Poisonous Vapours
   923 | D:1      | Learned a level 3 spell: Mephitic Cloud
  1003 | D:1      | Found a faded altar of an unknown god.
  1698 | D:2      | Noticed Robin
  1714 | D:2      | HP: 1/28 [quokka (5)]
  1714 | D:2      | Slain by a goblin

Illustrated notes

Levels and vault maps discovered:
D:1:      dpeg_arrival_arbitrary_a, layout_basic,
          ebering_ecumenical_altar_petrified
D:2:      layout_loops_ring, serial_forest, infiniplex_forest_lined_ring,
          infiniplex_forest_straight_3, infiniplex_forest_side_room,
          infiniplex_forest_clump_long, infiniplex_forest_end_3,
          uniq_crazy_yiuf_cottage, uniq_robin

Skill      XL: |  1  2 |
---------------+-------+-----
Dodging        | 2 |  2.0
Stealth        | 4 |  4.2
Spellcasting   | |  2.1
Transmutations | |  1.0
Air Magic      | |  0.5
Poison Magic   | |  4.8

Action                     || total
---------------------------++-------
  Melee: Long sword        ||     9
         Short sword       ||    25
   Cast: Sting             ||    29
         Poisonous Vapours ||     1
Ability: Spit Poison       ||    23
    Use: Potion            ||     3
   Stab: Sleeping          ||     2
 Armour: Robe              ||    37
  Dodge: Dodged            ||    32

Table legend: (Time is in decaauts)
 A = Elapsed time spent in this place.
 B = Non-inter-level travel time spent in this place.
 C = Inter-level travel time spent in this place.
 D = Time resting spent in this place.
 E = Time spent auto-exploring this place.
 F = Levels seen in this place.
 G = Mean time per level.
                   A        B        C        D        E       F      G
               +--------+--------+--------+--------+--------+-----+--------+
         Total |   2248 |   2241 |      7 |    240 |   1650 |   2 | 1124.0 |
       Dungeon |   2248 |   2241 |      7 |    240 |   1650 |   2 | 1124.0 |
               +--------+--------+--------+--------+--------+-----+--------+

Top non-repeatable levels by time:
     D:1: 2053 daAuts
     D:2: 194 daAuts
